 Dungeon Crawl Stone Soup version 0.31-a0-1591-g515db51633 (webtiles) character file.

Game seed: 4548561989542924305

3372100 Implojin the Acrobat (level 27, 176/184 HPs)
             Began as a Kobold Brigand on Jan 6, 2024.
             Was a Priest of Okawaru.
             Escaped with the Orb
             ... and 5 runes
             ... and 2 gems (both intact) on Jan 7, 2024!
             The game lasted 03:41:27 (67756 turns).

Implojin the Acrobat (Kobold Brigand)              Turns: 67756, Time: 03:41:28

Health: 176/184    AC: 27    Str: 26 (28) XL:     27
Magic:  32/32      EV: 32    Int: 10      God:    Okawaru [***...]
Gold:   4195       SH: 16    Dex: 22      Spells: 25/26 levels left

rFire   + + .        b - +2 demon blade (heavy)
rCold   + + .        x - +2 kite shield {rF+}
rNeg    + . .        X - quicksilver dragon scales
rPois   .            Y - +2 helmet {rF+}
rElec   +            N - scarf {rC+ rF+}
rCorr   .            w - +2 pair of gloves
SInv    +            y - +2 pair of boots "Hiacve" {Str+5}
Will    ++++.        B - amulet of regeneration
Stlth   +++          K - ring of Gapravol {Ice Str+4 Dex+5 SInv}
HPRegen 1.30/turn    s - ring of Sunlight {Fly rElec rN+ Will+ Str+3 Dex-4}
MPRegen 0.23/turn

%: no passive effects
@: flying, studying Unarmed Combat
A: small, no large weapons, nightstalker 3, clumsy 1, dopey 2, strong 1
0: Orb of Zot
}: 5/15 runes: decaying, slimy, silver, abyssal, gossamer
a: Renounce Religion, Heroism


You escaped.
You worshipped Okawaru.
Okawaru was most pleased with you.
You visited 10 branches of the dungeon, and saw 52 of its levels.
You visited the Abyss 3 times.
You also visited: Trove, Bailey and Volcano.

You collected 8304 gold pieces.
You spent 4109 gold pieces at shops.

Inventory:

Hand Weapons
 a - a +9 quick blade of electrocution
 b - a +2 heavy demon blade (weapon)
Missiles
 e - 17 curare-tipped darts
 h - 11 darts of dispersal
 o - 34 boomerangs
 p - 3 throwing nets (quivered)
 t - an atropa-tipped dart
 z - 5 datura-tipped darts
Armour
 w - a +2 pair of gloves (worn)
 x - a +2 kite shield of fire resistance (worn)
 y - the +2 pair of boots "Hiacve" (worn) {Str+5}
   (You found it on level 13 of the Dungeon)

   Str+5:     It affects your strength (+5).
 N - a scarf of resistance (worn)
 P - a scarf of repulsion
 R - the +7 Kryia's mail coat {PotionHeal*2 rC+}
   (Okawaru gifted it to you on level 5 of the Lair of Beasts)

   PotionHeal*2: Potions heal its wearer twice as much.
   rC+:       It protects you from cold.
 W - +0 fire dragon scales
 X - quicksilver dragon scales (worn)
 Y - a +2 helmet of fire resistance (worn)
 Z - the +1 buckler of Unreason {rPois}
   (You found it on level 14 of the Dungeon)

   rPois:     It protects you from poison
Jewellery
 f - a ring of poison resistance
 j - a ring of resist corrosion
 s - the ring of Sunlight (right hand) {Fly rElec rN+ Will+ Str+3 Dex-4}
   (You found it on level 2 of the Depths)

   [ring of positive energy]

   Str+3:     It affects your strength (+3).
   Dex-4:     It affects your dexterity (-4).
   rElec:     It insulates you from electricity.
   rN+:       It protects you from negative energy.
   Will+:     It increases your willpower.
   Fly:       It grants you flight.
 B - an amulet of regeneration (around neck)
 E - a ring of protection from fire
 F - the ring "Zusegud" {Ice ^Contam rPois rN++}
   (You took it off a vault guard on level 5 of the Vaults)

   [ring of ice]

   Ice:       It enhances your ice magic.
   rF-:       It makes you vulnerable to fire.
   rC+:       It protects you from cold.
   rPois:     It protects you from poison rN++: It greatly protects you from
   negative energy.
   ^Contam:   It causes magical contamination when unequipped.
 K - the ring of Gapravol (left hand) {Ice Str+4 Dex+5 SInv}
   (You found it on level 5 of the Vaults)

   [ring of ice]

   Ice:       It enhances your ice magic.
   Str+4:     It affects your strength (+4).
   Dex+5:     It affects your dexterity (+5).
   rF-:       It makes you vulnerable to fire.
   rC+:       It protects you from cold.
   SInv:      It lets you see invisible.
Wands
 d - a wand of paralysis (30)
 O - a wand of digging (5)
 T - a wand of acid (37)
Scrolls
 A - 9 scrolls of teleportation
 H - 3 scrolls of silence
 I - 7 scrolls of vulnerability
 S - a scroll of blinking
Potions
 g - 9 potions of curing
 k - 2 potions of heal wounds
 l - 3 potions of cancellation
 m - 2 potions of mutation
 r - 10 potions of might
 v - 3 potions of resistance
 C - 2 potions of enlightenment
 J - 4 potions of magic
 L - a potion of invisibility
 M - 5 potions of haste
 U - a potion of attraction
Miscellaneous
 c - a condenser vane
 Q - a phial of floods


   Skills:
 - Level 22.0 Fighting
 - Level 17.8(24.6) Short Blades
 * Level 18.8(20.0) Long Blades
 - Level 5.0 Throwing
 - Level 18.0 Armour
 - Level 22.0 Dodging
 - Level 20.0 Stealth
 - Level 12.0 Shields
 - Level 12.0 Invocations
 - Level 6.0 Evocations


You had 25 spell levels left.
You knew the following spells:

 Your Spells              Type           Power      Damage    Failure   Level
a - Apportation           Tloc           0%         N/A       61%         1

Your spell library contained the following spells:

 Spells                   Type           Power      Damage    Failure   Level
 Foxfire                  Conj/Fire      0%         2x1d4     61%         1
 Magic Dart               Conj           0%         1d3       61%         1
 Necrotise                Necr           0%         1d4       61%         1
 Shock                    Conj/Air       0%         1d3       61%         1
 Sting                    Conj/Alch      0%         1d3       61%         1
 Blink                    Tloc           0%         N/A       75%         2
 Cigotuvi's Dreadful Rot  Necr/Alch/Air  0%         N/A       75%         2
 Jinxbite                 Hex            0%         N/A       75%         2
 Lesser Beckoning         Tloc           0%         N/A       75%         2
 Mercury Vapours          Alch/Air       0%         N/A       75%         2
 Scorch                   Fire           0%         2d5       75%         2
 Searing Ray              Conj           0%         2d4       75%         2
 Dazzling Flash           Conj/Hex       0%         N/A       93%         3
 Fugue of the Fallen      Necr           0%         N/A       93%         3
 Gell's Gravitas          Tloc           0%         N/A       93%         3
 Hailstorm                Conj/Ice       0%         3d5       93%         3
 Inner Flame              Hex/Fire       0%         N/A       93%         3
 Mephitic Cloud           Conj/Alch/Air  0%         N/A       93%         3
 Ozocubu's Armour         Ice            0%         N/A       93%         3
 Sigil of Binding         Hex            0%         N/A       93%         3
 Teleport Other           Tloc           0%         N/A       93%         3
 Vampiric Draining        Necr           0%         2d6       93%         3
 Volatile Blastmotes      Fire/Tloc      0%         2d10      93%         3
 Brom's Barrelling Bould  Conj/Erth      0%         2d3       100%        4
 Cause Fear               Hex            0%         N/A       100%        4
 Dimensional Bullseye     Hex/Tloc       0%         N/A       100%        4
 Dispel Undead            Necr           0%         3d6       100%        4
 Flame Wave               Conj/Fire      0%         2d4       100%        4
 Fulminant Prism          Conj/Alch      0%         3d5       100%        4
 Ignite Poison            Fire/Alch      0%         N/A       100%        4
 Iskenderun's Mystic Bla  Conj/Tloc      0%         2d3       100%        4
 Manifold Assault         Tloc           0%         N/A       100%        4
 Passage of Golubria      Tloc           0%         N/A       100%        4
 Sticky Flame             Fire/Alch      0%         2d4       100%        4
 Vhi's Electric Charge    Tloc/Air       0%         N/A       100%        4
 Alistair's Intoxication  Alch           0%         N/A       100%        5
 Arcjolt                  Conj/Air       0%         1d10      100%        5
 Borgnjor's Vile Clutch   Necr/Erth      0%         N/A       100%        5
 Curse of Agony           Necr           0%         N/A       100%        5
 Fireball                 Conj/Fire      0%         3d3       100%        5
 Freezing Cloud           Conj/Ice/Air   0%         6-21      100%        5
 Iskenderun's Battlesphe  Conj           0%         2d6       100%        5
 Lee's Rapid Deconstruct  Erth           0%         3d4*      100%        5
 Yara's Violent Unravell  Hex/Alch       0%         3d3       100%        5
 Bombard                  Conj/Erth      0%         9d1       100%        6
 Conjure Ball Lightning   Conj/Air       0%         3x3d6     100%        6
 Dispersal                Tloc           0%         N/A       100%        6
 Eringya's Noxious Bog    Alch           0%         4d6       100%        6
 Plasma Beam              Fire/Air       0%         2x1d10    100%        6
 Starburst                Conj/Fire      0%         6d3       100%        6
 Orb of Destruction       Conj           0%         9d5       100%        7
 Disjunction              Tloc           0%         N/A       100%        8
 Ignition                 Fire           0%         3d3       100%        8
 Chain Lightning          Conj/Air       0%         N/A       100%        9
 Fire Storm               Conj/Fire      0%         5d1       100%        9
 Shatter                  Erth           0%         3d5*      100%        9
 Summon Small Mammal      Summ           Unusable   N/A       N/A         1
 Call Imp                 Summ           Unusable   N/A       N/A         2
 Call Canine Familiar     Summ           Unusable   N/A       N/A         3
 Tukima's Dance           Hex            Unusable   N/A       N/A         3
 Animate Armour           Summ/Erth      Unusable   N/A       N/A         4
 Martyr's Knell           Necr/Summ      Unusable   N/A       N/A         4
 Summon Lightning Spire   Summ/Air       Unusable   N/A       N/A         4
 Death Channel            Necr           Unusable   N/A       N/A         6
 Summon Cactus Giant      Summ           Unusable   N/A       N/A         6
 Malign Gateway           Summ/Tloc      Unusable   N/A       N/A         7
 Spellforged Servitor     Conj/Summ      Unusable   N/A       N/A         7
 Dragon's Call            Summ           Unusable   N/A       N/A         9

Dungeon Overview and Level Annotations

Branches:
Dungeon (15/15)            Temple (0/1) D:4            Lair (5/5) D:11
  Swamp (4/4) Lair:3       Spider (4/4) Lair:3        Slime (5/5) Lair:4
    Orc (2/2) D:12            Elf (3/3) Orc:2        Vaults (5/5) D:13
  Crypt (0/3) Vaults:3     Depths (4/4) D:15            Zot (5/5) Depths:4
 Bailey (visited)         Volcano (visited)

Altars:
Ashenzari
Fedhas
Gozag
Kikubaaqudgha
Makhleb
Nemelex Xobeh
Okawaru
Ru
Trog
Uskayaw
Vehumet
Yredelemnul
Jiyva

Shops:
D:12 (   D:14 ?   D:15 *   Orc:1 (   Orc:2 ?([:?   Elf:2 !::=   Vaults:3 ?
Vaults:5 !

Portals:
Hell: Depths:1 Depths:2 Depths:3 Depths:4
Abyss: Depths:1 Depths:3
Pandemonium: Depths:2
Ziggurat: Depths:2

Annotations:
D:15 Roxanne
Depths:2 1 runed translucent door, exclusion: door


Innate Abilities, Weirdness & Mutations

You are small and have problems with some larger weapons.
You are completely attuned to the shadows.
You are clumsy. (Dex -2)
You are very dopey. (Int -4)
Your muscles are strong. (Str +4, Int/Dex -1)


Message History

There is a stone staircase leading up here.
You fly upwards.
There is a stone staircase leading down here.
A tormentor comes into view.
Danger: tormentor |T3| Reason: Torment and not torment immune!
You gain the combat prowess of a mighty hero.
You can no longer speed up your combat.
Danger: tormentor |T3| Reason: Torment and not torment immune!
The tormentor completely misses you. You block the tormentor's attack.
Danger: tormentor |T3| Reason: Torment and not torment immune!
You barely miss the tormentor.
The tormentor calls on the powers of darkness!
Your body is wracked with pain!
Danger: tormentor |T3| Reason: Torment and not torment immune!
Danger: Low HP Warning |T2| Reason: 55% HP (103/184)
You slice the tormentor!!
The tormentor is heavily wounded.
The tormentor closely misses you. You block the tormentor's attack.
Danger: tormentor |T3| Reason: Torment and not torment immune!
You closely miss the tormentor.
The tormentor is heavily wounded.
You block the tormentor's attack. The tormentor completely misses you.
The tormentor misses you. You block the tormentor's attack.
Danger: tormentor |T3| Reason: Torment and not torment immune!
You slice the tormentor!!
You kill the tormentor!
Okawaru accepts your kill.
(D) Dungeon (T) Temple (L) Lair (S) Swamp (N) Spider Nest (M) Slime Pits (O) Orcish Mines (E) Elven Halls (V) Vaults (C) Crypt (U) Depths (H) Hell (Z) Zot
Where to? (Tab/Enter - D:1 @ (x,y), ? - help) Magic restored.
There is a stone staircase leading up here.
You fly upwards.
There is a stone staircase leading down here.
You feel like a meek peon again.
There is a dry fountain here.
There is a staircase leading out of the dungeon here.
You have escaped!

###......................###
##...##.####.####.####.##...##
#..###...##...##...##...###..#
#.## #.⌠.##.⌠.##.⌠.##.⌠.# ##.#
#.####...##...##...##...####.#
#...###.####.####.####.###...#
#.⌠.###.####.####.####.###.⌠.#
#............................#
##.##.........@..........##.##
#............................#
#.⌠.###.####.####.####.###.⌠.#
#...###.####.####.####.###...#
#.####...##...##...##...####.#
###.## #.⌠.##.⌠.##.⌠.##.⌠.# ##.#
..#..###...##...##...##...###..#
####....#.####.####.####.##...##
#.####......................###


There were no monsters in sight!

Vanquished Creatures
  the Royal Jelly (Slime:5)
  2 dread liches
  Frederick (Depths:4)
  2 ancient liches
  An orb of fire (Zot:5)
  Mara (Elf:3)
  Boris (Depths:1)
  3 Killer Klowns (Zot:5)
  A caustic shrike (Depths:3)
  Bai Suzhen (Elf:3)
  5 golden dragons
  3 bone dragons
  A profane servitor (Depths:3)
  Arachne (Spider:2)
  Jorgrun (Swamp:3)
  An electric golem (Zot:5)
  2 liches
  12 tentacled monstrosities
  Zenata (Elf:3)
  3 titans (Vaults:5)
  2 quicksilver dragons
  2 deep elf master archers (Elf:3)
  21 Orb Guardians
  A walking earthen tome (Depths:2)
  An Executioner (Abyss:4)
  2 walking frostbound tomes
  10 sphinxes
  4 deep elf blademasters
  11 acid blobs
  6 shadow dragons
  6 tentacled starspawn
  Gastronok (D:12)
  A death cob (Zot:3)
  Kirke (D:12)
  6 tengu reavers
  3 storm dragons
  A revenant (Abyss:4)
  Donald (Vaults:4)
  A fenstrider witch (Swamp:1)
  6 rockslimes
  A draconian monk (Zot:3)
  4 azure jellies (Slime:5)
  5 deep elf sorcerers
  6 fire giants
  A ghost moth (Lair:3)
  2 iron dragons
  A draconian shifter (Depths:4)
  4 frost giants
  6 emperor scorpions (Spider:4)
  A draconian scorcher (Zot:5)
  23 vault wardens
  A cacodemon (Abyss:4)
  A juggernaut zombie (Depths:1)
  5 deep elf elementalists
  A draconian annihilator (Zot:5)
  3 formless jellyfish
  4 spriggan defenders
  20 stone giants
  A draconian stormcaller (Depths:4)
  18 ironbound preservers
  8 quicksilver oozes
  22 very ugly things
  8 ironbound thunderhulks
  2 broodmothers
  3 ghouls
  2 vampire knights
  2 green draconians
  5 deep elf demonologists
  3 black draconians
  8 deep elf death magi
  2 starflowers (Abyss:4)
  6 bunyips
  4 eleionomae
  4 yellow draconians
  4 red draconians
  7 dire elephants
  17 spark wasps
  2 war gargoyles
  4 white draconians
  A lorocyproca (Abyss:1)
  8 deep elf annihilators
  3 purple draconians
  Azrael (Spider:2)
  2 pearl dragon zombies (Depths:3)
  A crystal guardian (Vaults:1)
  2 shambling mangroves
  10 ettins
  11 deep elf high priests
  An entropy weaver (shapeshifter) (D:15)
  12 fire dragons
  The ghost of DeathSocks the Protected, a journeyman MiGl of Gozag (D:12)
  16 yaktaur captains
  4 entropy weavers
  2 peacekeepers
  A hell beast (Depths:2)
  40 vault guards
  11 great orbs of eyes
  6 rakshasas
  11 ice dragons
  12 hydras
  3 ghost crabs (Swamp:4)
  6 jorogumos
  6 spriggan air magi
  A death knight (Depths:3)
  A catoblepas (Lair:4)
  Erica (Orc:1)
  5 two-headed ogres
  3 ogre magi (Vaults:5)
  7 alligators
  6 ironbound frosthearts
  5 radroaches
  7 deep troll shamans
  A juggernaut simulacrum (Depths:2)
  A two-headed ogre (shapeshifter) (Vaults:5)
  24 centaur warriors
  25 dancing weapons
  A sphinx skeleton (Vaults:3)
  12 boulder beetles
  2 vampire magi
  A shock serpent (shapeshifter) (Vaults:5)
  6 spriggan berserkers
  3 tengu warriors
  The ghost of Azoth the Frost Mage, a novice DrIE of Qazlal (D:9)
  3 hell hogs (Depths:3)
  4 occultists
  12 deep troll earth magi
  An orc high priest (Orc:2)
  Urug (D:10)
  15 demonic crawlers
  16 hell knights
  2 soul eaters
  A thrashing horror (Abyss:4)
  2 sun demons
  A titan skeleton (Depths:2)
  24 deep elf knights
  8 wretched stars
  A skyshark (Lair:2)
  5 skeletal warriors (D:15)
  2 spatial maelstroms (Abyss:4)
  A sixfirhy (Abyss:1)
  6 goliath frogs
  4 iron trolls
  7 pharaoh ants
  4 spriggan druids
  A death drake (Swamp:4)
  Lodul (D:10)
  5 flayed ghosts
  A cherub (D:15)
  5 orb spiders
  17 bog bodies
  6 glowing orange brains
  6 arcanists
  53 deep trolls
  A golden dragon zombie (Vaults:3)
  7 deep elf archers
  2 swamp dragons
  3 spectral hydras (Swamp:4)
  13 steelbarb worms
  25 ironbound convokers
  9 orc knights
  5 phantasmal warriors
  17 deep elf zephyrmancers
  A steelbarb worm (shapeshifter) (Depths:4)
  10 lindwurms
  A glowing orange brain (shapeshifter) (Abyss:4)
  13 wolf spiders
  11 necromancers
  13 large abominations
  A shadow dragon zombie (Depths:2)
  3 shining eyes (Slime:5)
  3 alligator zombies (Swamp:4)
  29 deep elf pyromancers
  5 will-o-the-wisps
  An oklob plant (Lair:4)
  32 ugly things
  9 orc sorcerers
  16 cyclopes
  6 manticores
  A worldbinder (Abyss:2)
  6 moths of wrath
  Maurice (D:7)
  4 apis skeletons (Depths:3)
  An elephant (shapeshifter) (Depths:2)
  21 vault sentinels
  6 elephants
  2 meliai (shapeshifter)
  9 meliai
  An apocalypse crab (Abyss:4)
  A salamander (shapeshifter) (Vaults:5)
  2 water nymphs (shapeshifter)
  An orange demon (Abyss:1)
  6 black mambas
  3 molten gargoyles (Lair:5)
  A kobold blastminer (Orc:2)
  2 torpor snails
  A naga mage (Abyss:4)
  5 smoke demons
  8 cane toads
  An eye of devastation (Slime:5)
  An unseen horror (D:10)
  A hellion (Depths:2)
  13 komodo dragons
  3 efreet
  6 swamp worm zombies (Swamp:4)
  4 rime drakes (Lair:2)
  4 freezing wraiths
  25 yaktaurs
  A kobold demonologist (D:11)
  A tormentor (D:2)
  A komodo dragon (shapeshifter) (D:13)
  8 trolls
  A red devil (Abyss:4)
  6 hydra zombies (Swamp:4)
  3 polar bears
  9 tyrant leeches
  2 bloated husks
  A polar bear (shapeshifter) (Abyss:4)
  8 ancient zymes
  A merfolk (shapeshifter) (Vaults:5)
  Prince Ribbit (Bailey)
  6 saltlings (Orc:2)
  A troll (shapeshifter) (Elf:2)
  2 hellwings
  7 raiju
  11 hornets
  20 tarantellas
  28 blink frogs
  A snapping turtle (shapeshifter) (Vaults:5)
  4 glass eyes
  39 slime creatures
  16 culicivoras
  22 jumping spiders
  3 spectral swamp dragons (Swamp:4)
  3 air elementals
  2 shadows
  Sigmund (D:2)
  3 centaur simulacra (D:12)
  11 spriggans
  8 wyverns
  A spriggan skeleton (Depths:1)
  3 vampires
  9 small abominations
  3 wraiths
  2 fire elementals
  4 hogs (D:8)
  39 yaks
  12 humans
  41 starcursed masses (Abyss:4)
  3 ynoxinuls (Abyss:4)
  5 golden eyes
  4 water elementals
  2 wargs (Orc:1)
  2 neqoxecs
  3 steam dragons
  53 redbacks
  A redback simulacrum (D:14)
  Grum (Lair:1)
  5 basilisks
  3 tyrant leech zombies (Swamp:4)
  2 vampire mosquitoes (D:14)
  18 swamp worms
  A redback (shapeshifter) (Vaults:5)
  3 acid dragons
  7 hell hounds
  16 water moccasins
  A sky beast (D:7)
  4 swamp drakes
  15 orc warriors
  A meliai simulacrum (D:14)
  A swamp dragon zombie (Swamp:4)
  4 black bears
  2 ice beasts
  8 laughing skulls
  14 ogres
  An ettin simulacrum (Depths:2)
  5 boggarts (Vaults:1)
  22 wolves
  6 phantoms (Swamp:4)
  27 centaurs
  7 kobold brigands
  20 bullfrogs
  Blork the orc (D:6)
  A gnoll sergeant (D:9)
  3 earth elementals
  A brain worm (Abyss:4)
  A human simulacrum (Vaults:3)
  3 human skeletons
  5 necrophages
  A scorpion (Lair:1)
  3 wights (D:8)
  14 killer bees
  4 howler monkeys
  5 electric eels
  2 bombardier beetles
  5 lava snakes (Lair:5)
  3 quasits
  4 hounds
  2 jellies
  A jelly (shapeshifter) (D:15)
  10 orc priests
  2 gnoll boudas (D:6)
  A sleepcap (D:6)
  An iguana (D:5)
  20 orc wizards
  7 hell rats
  Robin (D:3)
  20 gnolls
  3 adders
  2 shadow imps (D:6)
  4 white imps
  3 ufetubi
  A dart slug (D:1)
  3 ribbon worms
  66 orcs
  6 bats
  7 endoplasms
  A giant cockroach (D:1)
  19 goblins
  6 hobgoblins
  6 jackals
  18 kobolds
  3 quokkas (D:1)
  4 ball pythons
  3 frilled lizards
  6 rats
  4 starspawn tentacles
2125 creatures vanquished.

Vanquished Creatures (others)
  A vault warden (Vaults:5)
  A spark wasp (Depths:2)
  A deep elf knight (Vaults:5)
  5 bloated husks
  A small abomination (Abyss:4)
  An orc wizard (D:3)
  2 white imps
  3 orcs (D:7)
  11 foxfires
  A lurking horror (Abyss:4)
  17 starspawn tentacles
44 creatures vanquished.

Grand Total: 2169 creatures vanquished

Notes
Turn   | Place    | Note
-------+----------+-------------------------------------------
     0 | D:1      | Implojin the Kobold Brigand began the quest for the Orb.
     0 | D:1      | Reached XP level 1. HP: 12/12 MP: 1/1
   110 | D:1      | Reached XP level 2. HP: 17/17 MP: 2/2
   262 | D:1      | Found a faded altar of an unknown god.
   288 | D:1      | Reached XP level 3. HP: 21/21 MP: 3/3
   307 | D:1      | Prayed at the altar of an unknown god.
   307 | D:1      | Became a worshipper of Warmaster Okawaru
   307 | D:1      | Reached * piety under Okawaru
  1162 | D:2      | Noticed Sigmund
  1165 | D:2      | Killed Sigmund
  1165 | D:2      | Reached ** piety under Okawaru
  1166 | D:2      | Reached XP level 4. HP: 26/26 MP: 4/4
  1166 | D:2      | Reached XP level 5. HP: 30/30 MP: 5/5
  1166 | D:2      | Reached XP level 6. HP: 35/35 MP: 6/6
  1459 | D:2      | Identified the +0 leather armour of Exclusion {rPois}
  2020 | D:3      | Noticed Robin
  2067 | D:3      | Reached skill level 1 in Invocations
  2075 | D:3      | Killed Robin
  2746 | D:4      | Noticed a black bear
  2810 | D:4      | Killed a black bear
  2811 | D:4      | Reached XP level 7. HP: 28/40 MP: 5/9
  3166 | D:4      | Found a staircase to the Ecumenical Temple.
  3625 | D:5      | Entered Level 5 of the Dungeon
  3699 | D:5      | Reached skill level 5 in Long Blades
  4233 | D:5      | Reached XP level 8. HP: 44/44 MP: 7/10
  4486 | D:5      | Reached *** piety under Okawaru
  4602 | D:6      | Noticed Blork the orc
  4620 | D:6      | Killed Blork the orc
  4656 | D:6      | Found a sacrificial altar of Ru.
  4894 | D:6      | Reached XP level 9. HP: 41/48 MP: 11/11
  5182 | D:6      | Reached skill level 5 in Dodging
  5701 | D:7      | Reached **** piety under Okawaru
  5749 | D:7      | Identified a scroll of acquirement
  5749 | D:7      | Acquired the +0 troll leather armour of Tyxtiun {Regen+
                  | Dex+5}
  5776 | D:7      | Identified the +0 scimitar of the Rescuing Gods {vamp, Fly
                  | Will+}
  5814 | D:7      | Found a hide-covered altar of Uskayaw.
  5821 | D:7      | Noticed Maurice
  5834 | D:7      | Maurice stole 20 poisoned darts
  5846 | D:7      | Killed Maurice
  6041 | D:7      | Found a burning altar of Makhleb.
  6043 | D:7      | Noticed a cacodemon
  6088 | D:7      | Found a flagged portal.
  6107 | Bailey   | Entered a bailey
  6142 | Bailey   | Reached skill level 5 in Fighting
  6142 | Bailey   | Reached XP level 10. HP: 58/59 MP: 12/12
  6154 | Bailey   | Reached ***** piety under Okawaru
  6156 | Bailey   | Reached skill level 1 in Evocations
  6183 | Bailey   | Noticed Prince Ribbit
  6192 | Bailey   | Noticed a vault guard
  6225 | Bailey   | Killed a vault guard
  6226 | Bailey   | Reached skill level 10 in Dodging
  6226 | Bailey   | Killed Prince Ribbit
  6331 | Bailey   | Received a gift from Okawaru
  6414 | Bailey   | Noticed a vault guard
  6442 | Bailey   | Killed a vault guard
  6443 | Bailey   | Reached XP level 11. HP: 42/64 MP: 10/13
  6648 | D:8      | Noticed a two-headed ogre
  6879 | D:8      | Killed a two-headed ogre
  6941 | D:8      | Found a broken altar of Ashenzari.
  7360 | D:8      | Found an ancient bone altar of Kikubaaqudgha.
  7487 | D:8      | Found a bloodstained altar of Trog.
  8123 | D:9      | Found a runed translucent door.
  8123 | D:9      | Noticed Azoth's ghost (novice DrIE)
  8577 | D:9      | Killed Azoth's ghost
  8701 | D:10     | Entered Level 10 of the Dungeon
  8749 | D:10     | Found a portal to a secret trove of treasure.
  8794 | D:10     | Reached skill level 15 in Dodging
  8977 | D:10     | Found a radiant altar of Vehumet.
  9100 | D:10     | Noticed Lodul
  9113 | D:10     | Reached XP level 12. HP: 70/70 MP: 11/14
  9118 | D:10     | Reached skill level 10 in Stealth
  9125 | D:10     | Killed Lodul
  9164 | D:10     | Received a gift from Okawaru
  9320 | D:10     | Noticed Urug
  9340 | D:10     | Killed Urug
  9402 | D:10     | Noticed a flayed ghost
  9403 | D:10     | Found a sparkling altar of Nemelex Xobeh.
  9404 | D:10     | Found a transporter.
  9429 | D:10     | Killed a flayed ghost
  9433 | D:10     | Reached skill level 5 in Throwing
  9981 | D:11     | Found a staircase to the Lair.
 10003 | D:11     | Noticed a two-headed ogre
 10021 | D:11     | Killed a two-headed ogre
 10388 | D:11     | Noticed a two-headed ogre
 10399 | D:11     | Killed a two-headed ogre
 11100 | Lair:1   | Entered Level 1 of the Lair of Beasts
 11111 | Lair:1   | Reached skill level 10 in Fighting
 11158 | Lair:1   | Reached XP level 13. HP: 63/82 MP: 15/15
 11257 | Lair:1   | Found a dark tunnel.
 11268 | Lair:1   | Reached skill level 5 in Evocations
 11357 | Volcano  | Entered a volcano
 11420 | Volcano  | Noticed a centaur warrior
 11440 | Volcano  | Killed a centaur warrior
 11589 | Volcano  | Noticed a red draconian
 11600 | Volcano  | Killed a red draconian
 11606 | Volcano  | Reached skill level 1 in Armour
 11619 | Volcano  | Found a burning altar of Makhleb.
 11875 | Lair:1   | Noticed Grum
 11884 | Lair:1   | Killed Grum
 11906 | Lair:1   | Acquired 668 gold pieces
 12093 | Lair:1   | You fall into a shaft and drop 1 floor!
 12153 | Lair:2   | Received a gift from Okawaru
 12874 | Lair:2   | Reached skill level 5 in Armour
 13808 | Lair:2   | Noticed an eight-headed hydra
 13855 | Lair:2   | Killed an eight-headed hydra
 14185 | Lair:2   | Noticed an eight-headed hydra
 14190 | Lair:2   | Killed an eight-headed hydra
 14190 | Lair:2   | Received a gift from Okawaru
 14959 | Lair:3   | Found a hole to the Spider Nest.
 15195 | Lair:3   | Reached XP level 14. HP: 88/88 MP: 16/16
 15363 | Lair:3   | Reached skill level 10 in Long Blades
 16634 | Lair:3   | Found a staircase to the Swamp.
 17950 | Lair:4   | Found a viscous altar of Jiyva.
 17950 | Lair:4   | Found a staircase to the Slime Pits.
 18085 | Lair:4   | Acquired a +6 ring of dexterity
 18631 | Lair:5   | Entered Level 5 of the Lair of Beasts
 19215 | Lair:5   | Reached skill level 5 in Invocations
 20315 | Lair:5   | Reached ****** piety under Okawaru
 20324 | Lair:5   | Acquired a +3 quick blade of electrocution
 20324 | Lair:5   | Received a gift from Okawaru
 20450 | Lair:2   | Acquired the +7 Kryia's mail coat {PotionHeal*2 rC+}
 20450 | Lair:2   | Received a gift from Okawaru
 20450 | Lair:2   | Found the +7 Kryia's mail coat {PotionHeal*2 rC+}
 20633 | Lair:5   | Received a gift from Okawaru
 20857 | Lair:5   | Reached XP level 15. HP: 69/92 MP: 17/20
 20867 | Lair:5   | Reached skill level 5 in Short Blades
 20947 | Lair:5   | Found a large runed translucent door.
 20959 | Lair:5   | Found a large runed translucent door.
 21544 | D:12     | Found a runed translucent gate.
 21545 | D:12     | Noticed a storm dragon
 21622 | D:12     | Found Cyolom's Antique Weapon Shop.
 21714 | D:12     | Noticed Gastronok
 21717 | D:12     | Killed Gastronok
 21846 | D:12     | Found a staircase to the Orcish Mines.
 22126 | D:12     | Received a gift from Okawaru
 22447 | D:12     | Identified the +0 robe of Resonance {-Tele rCorr Int+3
                  | Dex+2 Slay+5}
 22552 | D:12     | Noticed DeathSocks's ghost (journeyman MiGl)
 22565 | D:12     | Found a runed translucent gate.
 22566 | D:12     | Found a runed translucent gate.
 22728 | D:12     | Noticed Kirke
 22743 | D:12     | Killed Kirke
 23130 | D:13     | Found a gate to the Vaults.
 23323 | D:13     | Found a blossoming altar of Fedhas.
 23360 | D:13     | You fall into a shaft and drop 2 floors!
 23360 | D:15     | Entered Level 15 of the Dungeon
 23415 | D:15     | Found Tonast's Fire Supplies.
 23420 | D:15     | Bought a +1 helmet of fire resistance for 280 gold pieces
 23815 | D:14     | Reached skill level 1 in Shields
 23832 | D:14     | Identified the +1 buckler of Unreason {rPois}
 24301 | D:13     | Identified the +2 pair of boots "Hiacve" {Str+5}
 24334 | D:13     | Received a gift from Okawaru
 24500 | D:14     | Identified the +8 mace of the Desert {holy, rN+ Dex+2}
 24638 | D:14     | Found Imuful's Magic Scroll Boutique.
 24641 | D:14     | Bought a scroll of acquirement for 780 gold pieces
 24641 | D:14     | Bought a scroll of enchant weapon for 112 gold pieces
 24641 | D:14     | Bought a scroll of blinking for 112 gold pieces
 24641 | D:14     | Bought a scroll of fog for 60 gold pieces
 24641 | D:14     | Bought a scroll of revelation for 112 gold pieces
 24641 | D:14     | Bought a scroll of fear for 60 gold pieces
 24829 | D:15     | Reached XP level 16. HP: 97/97 MP: 21/21
 24912 | D:15     | Noticed Roxanne
 24990 | D:15     | Reached skill level 5 in Shields
 25123 | D:15     | Found a staircase to the Depths.
 25158 | D:15     | Received a gift from Okawaru
 26374 | Orc:1    | Entered Level 1 of the Orcish Mines
 26514 | Orc:2    | Entered Level 2 of the Orcish Mines
 26630 | Orc:1    | Noticed Erica
 26640 | Orc:1    | Killed Erica
 26640 | Orc:1    | Received a gift from Okawaru
 26945 | Orc:1    | Found Duj Ximo's Weapon Emporium.
 27091 | Orc:2    | Found Wammyps's Magic Scroll Boutique.
 27094 | Orc:2    | Bought a scroll of teleportation for 45 gold pieces
 27094 | Orc:2    | Bought a scroll of revelation for 112 gold pieces
 27094 | Orc:2    | Bought a scroll of fear for 60 gold pieces
 27207 | Orc:2    | Found a staircase to the Elven Halls.
 28247 | Orc:2    | Found Worepri's Antique Weapon Boutique.
 28247 | Orc:2    | Found Ham Bait's Magic Scroll Boutique.
 28265 | Orc:2    | Bought a scroll of fog for 60 gold pieces
 28265 | Orc:2    | Bought a scroll of teleportation for 45 gold pieces
 28282 | Orc:2    | Found Zumuvar's Book Shoppe.
 28352 | Orc:2    | Found Uvuh's Armour Shop.
 28597 | Orc:2    | Bought a +1 cloak for 172 gold pieces
 28617 | Orc:2    | Acquired a manual of Short Blades
 28779 | D:12     | Killed DeathSocks's ghost
 28784 | D:12     | Received a gift from Okawaru
 28800 | D:12     | Killed a storm dragon
 28997 | Spider:1 | Entered Level 1 of the Spider Nest
 29104 | Spider:1 | Reached skill level 10 in Armour
 29391 | Spider:1 | Reached XP level 17. HP: 79/102 MP: 22/22
 29445 | Spider:1 | HP: 4/102 [demonic crawler (8)]
 30315 | Spider:1 | Reached skill level 10 in Short Blades
 30501 | Spider:1 | Received a gift from Okawaru
 31446 | Spider:2 | Noticed Arachne
 31465 | Spider:2 | Killed Arachne
 31466 | Spider:2 | Reached skill level 15 in Short Blades
 32199 | Spider:2 | Noticed Azrael
 32208 | Spider:2 | Killed Azrael
 32208 | Spider:2 | Received a gift from Okawaru
 33377 | Spider:3 | Received a gift from Okawaru
 33420 | Spider:3 | Reached XP level 18. HP: 53/107 MP: 21/23
 33936 | Spider:4 | Entered Level 4 of the Spider Nest
 33970 | Spider:3 | Reached skill level 15 in Stealth
 35705 | Spider:4 | Received a gift from Okawaru
 36168 | Spider:4 | Got a gossamer rune of Zot
 36409 | Swamp:1  | Entered Level 1 of the Swamp
 36606 | D:10     | You paid a toll of 5 scrolls of fog to enter a treasure
                  | trove
 36607 | Trove    | Entered a treasure trove
 36688 | Trove    | Identified the +1 scale mail of Duych {rF+ MP-9 Str+7}
 36690 | Trove    | Identified the +1 pair of boots of Asan {rC+}
 36720 | Trove    | Identified the ring "Sojum" {Fly Int+3}
 36722 | Trove    | Identified the amulet "Hiogh" {RegenMP Harm rF- Str+6
                  | Int+3}
 36724 | Trove    | Identified the ring of Naapodic {+Blink Int+4 Dex+6}
 37801 | Swamp:2  | Reached XP level 19. HP: 112/112 MP: 24/24
 38176 | Swamp:2  | Received a gift from Okawaru
 38818 | Swamp:3  | Noticed Jorgrun
 38827 | Swamp:3  | Killed Jorgrun
 39179 | Swamp:4  | Entered Level 4 of the Swamp
 39537 | Swamp:4  | Noticed a tentacled monstrosity
 39703 | Swamp:4  | Killed a tentacled monstrosity
 39932 | Swamp:4  | Received a gift from Okawaru
 40051 | Swamp:4  | Noticed a bone dragon
 40247 | Swamp:4  | Killed a bone dragon
 40601 | Swamp:4  | Got a decaying rune of Zot
 40909 | Elf:1    | Entered Level 1 of the Elven Halls
 41201 | Elf:1    | Reached XP level 20. HP: 117/117 MP: 25/25
 41436 | Elf:1    | Paralysed by an air elemental for 1 turns
 41546 | Elf:1    | Found a huge runed translucent gate.
 41546 | Elf:1    | Found a huge runed translucent gate.
 41547 | Elf:1    | Found a huge runed translucent gate.
 41548 | Elf:1    | Found a huge runed translucent gate.
 41548 | Elf:1    | Found a huge runed translucent gate.
 41548 | Elf:1    | Found a huge runed translucent gate.
 41548 | Elf:1    | Found a huge runed translucent gate.
 41549 | Elf:1    | Found a huge runed translucent gate.
 41549 | Elf:1    | Found a huge runed translucent gate.
 42396 | Elf:2    | Found a runed translucent gate.
 42396 | Elf:2    | Found a runed translucent gate.
 42396 | Elf:2    | Found a runed translucent gate.
 42456 | Elf:2    | Found Rama's Book Shop.
 42456 | Elf:2    | Found Xuegin's Book Shop.
 42500 | Elf:2    | Found Jiaxa's Jewellery Emporium.
 42774 | Elf:2    | Found Ikupol's Distillery.
 42835 | Elf:2    | Bought a potion of resistance for 170 gold pieces
 42835 | Elf:2    | Bought a potion of heal wounds for 85 gold pieces
 42835 | Elf:2    | Bought a potion of might for 68 gold pieces
 42835 | Elf:2    | Bought a potion of haste for 170 gold pieces
 42835 | Elf:2    | Bought a potion of curing for 51 gold pieces
 42835 | Elf:2    | Bought a potion of curing for 51 gold pieces
 42835 | Elf:2    | Bought a potion of enlightenment for 85 gold pieces
 42835 | Elf:2    | Bought a potion of curing for 51 gold pieces
 42927 | Elf:3    | Entered Level 3 of the Elven Halls
 42928 | Elf:3    | Received a gift from Okawaru
 43576 | Elf:3    | Noticed Zenata
 43577 | Elf:3    | Noticed Bai Suzhen
 43580 | Elf:3    | Killed Zenata
 43587 | Elf:3    | Killed Bai Suzhen
 43777 | Arena    | Entered the Arena
 43914 | Elf:3    | Received a gift from Okawaru
 43922 | Elf:3    | Identified the ring "Juikher" {Str+6 Int+3}
 44044 | Elf:3    | Identified the +11 whip of the Shining Light {drain, rCorr
                  | Dex+5}
 44105 | Elf:3    | Noticed Mara
 44406 | Elf:3    | Reached skill level 10 in Invocations
 44450 | Elf:3    | Noticed Implojin's illusion
 44638 | Elf:3    | Got the Atlas of Sparks and Anemomancy
 44649 | Elf:3    | Got the Folio of Places
 44679 | Elf:3    | Identified the +4 orcbow of Generosity {heavy, rC+ rCorr
                  | Int-3 Stlth+}
 44724 | Elf:3    | Noticed Implojin's illusion
 44745 | Elf:3    | Killed Mara
 44746 | Elf:3    | Reached XP level 21. HP: 106/130 MP: 22/28
 45746 | Elf:2    | Reached skill level 15 in Fighting
 46123 | Vaults:1 | Entered Level 1 of the Vaults
 47873 | Vaults:2 | Received a gift from Okawaru
 48250 | Vaults:2 | Reached XP level 22. HP: 73/147 MP: 29/29
 48364 | Vaults:2 | Learned a level 1 spell: Apportation
 48364 | Vaults:2 | Identified the amulet of the Bright Cherry {Spirit Regen+
                  | Dex-2 Stlth+}
 48992 | Vaults:2 | Received a gift from Okawaru
 49113 | Vaults:2 | Noticed a golden dragon
 49117 | Vaults:2 | Killed a golden dragon
 49436 | Vaults:3 | Found Maguan's Magic Scroll Shoppe.
 49441 | Vaults:3 | Bought a scroll of acquirement for 780 gold pieces
 49441 | Vaults:3 | Bought a scroll of fear for 60 gold pieces
 49441 | Vaults:3 | Bought a scroll of fog for 60 gold pieces
 49441 | Vaults:3 | Bought a scroll of teleportation for 45 gold pieces
 49441 | Vaults:3 | Bought a scroll of teleportation for 45 gold pieces
 49445 | Vaults:3 | Acquired 1236 gold pieces
 50031 | Vaults:3 | Found a staircase to the Crypt.
 50035 | Vaults:3 | Received a gift from Okawaru
 50533 | Vaults:3 | Received a gift from Okawaru
 50956 | Vaults:3 | Upgraded the game from 0.31-a0-1589-g8f5e8aebd6 to
                  | 0.31-a0-1591-g515db51633
 51376 | Vaults:4 | Identified the +9 dagger "Gupsawod" {holy, Int+2}
 51534 | Vaults:4 | Noticed Donald
 51547 | Vaults:4 | Killed Donald
 51626 | Vaults:4 | Received a gift from Okawaru
 51713 | Vaults:4 | Reached XP level 23. HP: 145/156 MP: 30/30
 53017 | Vaults:5 | Entered Level 5 of the Vaults
 53018 | Vaults:5 | Noticed an ancient lich
 53018 | Vaults:5 | Found Yfadopt's Distillery.
 53069 | Vaults:5 | Received a gift from Okawaru
 53117 | Vaults:5 | Killed an ancient lich
 53134 | Vaults:5 | Identified the ring of Gapravol {Ice Str+4 Dex+5 SInv}
 53180 | Arena    | Entered the Arena
 53320 | Vaults:5 | Bought a potion of curing for 54 gold pieces
 53320 | Vaults:5 | Bought 2 potions of curing for 108 gold pieces
 53320 | Vaults:5 | Bought a potion of might for 72 gold pieces
 53320 | Vaults:5 | Bought a potion of mutation for 144 gold pieces
 53368 | Vaults:5 | Got a silver rune of Zot
 53496 | Vaults:5 | Reached skill level 15 in Armour
 53714 | Vaults:5 | Received a gift from Okawaru
 53817 | Vaults:5 | Identified the +0 plate armour of Doomed Happiness {Rampage
                  | ^Drain rPois Stlth+}
 53873 | Vaults:5 | Identified the staff of Ubuan {rPois MP+9 Conj}
 54031 | Vaults:5 | Reached XP level 24. HP: 122/163 MP: 30/30
 54089 | Vaults:5 | Received a gift from Okawaru
 54233 | Vaults:5 | Identified the ring "Etwip" {Ice Dex+3}
 54363 | Vaults:5 | Noticed a dread lich
 54382 | Vaults:5 | Killed a dread lich
 54388 | Arena    | Entered the Arena
 54425 | Vaults:5 | Identified the +3 plate armour of Idealism {Will+ SInv}
 54476 | Vaults:5 | Reached skill level 10 in Shields
 54623 | Vaults:5 | Identified the ring "Zusegud" {Ice ^Contam rPois rN++}
 54710 | Vaults:5 | Received a gift from Okawaru
 54761 | Arena    | Entered the Arena
 56137 | Vaults:5 | Found Yfadopt's Distillery.
 56222 | Vaults:5 | Identified the +0 scimitar of Seitos {protect, Int+7}
 56620 | Depths:1 | Entered Level 1 of the Depths
 56794 | Depths:1 | Noticed Boris
 56800 | Depths:1 | Killed Boris
 57462 | Depths:1 | Found a gateway to Hell.
 57545 | Depths:1 | Reached XP level 25. HP: 147/168 MP: 30/30
 57727 | Depths:1 | Found a one-way gate to the infinite horrors of the Abyss.
 58258 | Depths:2 | Found a one-way gateway to a ziggurat.
 58387 | Depths:2 | Reached skill level 15 in Long Blades
 58399 | Depths:2 | Found a burning altar of Makhleb.
 58400 | Depths:2 | Identified the ring of Dithmenos's Hope {Str+4 Int-5 Dex+6}
 58421 | Arena    | Entered the Arena
 58824 | Depths:2 | Got the Catalogue of the Frigid Excursion
 58826 | Depths:2 | Identified the ring of Sunlight {Fly rElec rN+ Will+ Str+3
                  | Dex-4}
 59135 | Depths:2 | Found a runed translucent door.
 59139 | Depths:2 | Noticed a juggernaut
 59295 | Depths:2 | Identified the +0 scale mail of the Mind {Str+2 Int+2}
 59734 | Depths:2 | Found a one-way gate leading to the halls of Pandemonium.
 60012 | Depths:3 | Received a gift from Okawaru
 60139 | Depths:3 | Noticed a caustic shrike
 60142 | Arena    | Entered the Arena
 60166 | Depths:3 | Killed a caustic shrike
 60330 | Depths:3 | Found an opulent altar of Gozag.
 60356 | Depths:3 | Reached XP level 26. HP: 158/174 MP: 32/32
 60431 | Depths:3 | Identified the staff of Ruwnaclu {rF- rC+++ rN++ Dex-5
                  | Conj}
 60830 | Depths:3 | Found a basalt altar of Yredelemnul.
 61414 | Depths:4 | Entered Level 4 of the Depths
 61618 | Depths:4 | Identified the orb "Vereqaab" {*channel, rPois rC+ rCorr
                  | Alchemy}
 61618 | Depths:4 | Noticed Frederick
 61644 | Arena    | Entered the Arena
 62277 | Depths:4 | Killed Frederick
 62736 | Depths:4 | Found a gate to the Realm of Zot.
 63251 | Slime:1  | Entered Level 1 of the Pits of Slime
 63362 | Slime:5  | Entered Level 5 of the Pits of Slime
 63376 | Slime:5  | Gained mutation: Your body sometimes deteriorates upon
                  | taking damage. [a shining eye]
 63400 | Slime:5  | Gained mutation: You are occasionally teleported next to
                  | monsters. [a shining eye]
 63402 | Slime:5  | Received a gift from Okawaru
 63406 | Slime:5  | Lost mutation: You are occasionally teleported next to
                  | monsters. [potion of mutation]
 63406 | Slime:5  | Lost mutation: Your body sometimes deteriorates upon taking
                  | damage. [potion of mutation]
 63406 | Slime:5  | Gained mutation: Your muscles are strong. (Str +4, Int/Dex
                  | -1) [potion of mutation]
 63406 | Slime:5  | Gained mutation: You are robust. (+10% HP) [potion of
                  | mutation]
 63432 | Slime:5  | Noticed the Royal Jelly
 63434 | Slime:5  | Killed the Royal Jelly
 63491 | Slime:5  | Got Fotaw's Commentary on the Destined Pyromaniac
 63579 | Slime:5  | Got a starry gem with 307 turns to spare
 63581 | Slime:5  | Got a slimy rune of Zot
 63588 | Slime:5  | Identified the +1 long sword of Foul Odours {venom, rN+
                  | Str+2 Dex+4}
 63771 | Slime:5  | Identified the staff of Triumph {rPois rC+ Will+ Ice}
 63806 | Slime:2  | Gained mutation: You are dopey. (Int -2) [a shining eye]
 63809 | Slime:2  | Gained mutation: You are very dopey. (Int -4) [a shining
                  | eye]
 64098 | Depths:1 | Voluntarily entered the Abyss.
 64171 | Abyss:1  | Lost mutation: You are robust. (+10% HP) [a neqoxec]
 64294 | Abyss:1  | Reached XP level 27. HP: 183/183 MP: 32/32
 64497 | Abyss:1  | Found a corrupted altar of Lugonu.
 64651 | Abyss:1  | Found a corrupted altar of Lugonu.
 64953 | Abyss:1  | Found a corrupted altar of Lugonu.
 64966 | Abyss:1  | Found a corrupted altar of Lugonu.
 65024 | Abyss:2  | Found a corrupted altar of Lugonu.
 65041 | Abyss:2  | Found a corrupted altar of Lugonu.
 65326 | Abyss:4  | Paralysed by accursed screaming for 1 turns
 65410 | Depths:1 | Escaped the Abyss
 65412 | Depths:1 | Voluntarily entered the Abyss.
 65470 | Abyss:4  | Found a corrupted altar of Lugonu.
 65497 | Abyss:4  | Found a corrupted altar of Lugonu.
 65720 | Abyss:4  | Found a corrupted altar of Lugonu.
 65921 | Abyss:4  | Found a corrupted altar of Lugonu.
 66020 | Abyss:4  | Paralysed by accursed screaming for 1 turns
 66033 | Depths:1 | Escaped the Abyss
 66263 | Depths:1 | Voluntarily entered the Abyss.
 66279 | Abyss:4  | Found a corrupted altar of Lugonu.
 66345 | Abyss:4  | Paralysed by accursed screaming for 2 turns
 66360 | Abyss:4  | Paralysed by accursed screaming for 1 turns
 66379 | Abyss:4  | Got an abyssal rune of Zot
 66383 | Abyss:4  | HP: 7/165 [starcursed mass/accursed screaming (9)]
 66481 | Depths:1 | Escaped the Abyss
 66582 | Zot:1    | Entered Level 1 of the Realm of Zot
 66699 | Zot:2    | You are sucked into a shaft and drop 1 floor!
 66798 | Zot:5    | Entered Level 5 of the Realm of Zot
 66841 | Zot:5    | Got a prismatic gem with 740 turns to spare
 66928 | Zot:5    | Noticed an orb of fire
 66935 | Zot:5    | Gained mutation: You are clumsy. (Dex -2) [an orb of fire]
 66940 | Zot:5    | Killed an orb of fire
 66945 | Zot:5    | Noticed an ancient lich
 66949 | Zot:5    | Noticed a Killer Klown
 66954 | Zot:5    | Killed an ancient lich
 66959 | Zot:5    | Killed a Killer Klown
 66966 | Zot:5    | Noticed a Killer Klown
 66988 | Zot:5    | Killed a Killer Klown
 67007 | Zot:5    | Noticed a Killer Klown
 67016 | Zot:5    | Killed a Killer Klown
 67120 | Zot:5    | Got the Orb of Zot
 67166 | Zot:5    | Noticed a dread lich
 67172 | Zot:5    | Killed a dread lich
 67756 | D:$      | Escaped with the Orb!

Illustrated notes

Levels and vault maps discovered:
D:1:      dpeg_arrival_chambers_temple_mockup, layout_rooms,
          ebering_ecumenical_altar_rust, minmay_pentomino_t2
D:2:      layout_basic, uniq_sigmund
D:3:      layout_basic, uniq_robin
D:4:      layout_cave_pools, minmay_temple_entry_arrows
D:5:      layout_loops_ring
D:6:      layout_basic, hangedman_ru_absence, serial_demonic, serial_demonic_e,
          serial_demonic_g, serial_demonic_e, serial_demonic_a,
          uniq_blork_the_orc
D:7:      layout_rooms, makhleb_altar_promises_db,
          eat_drink_and_be_merry_uskayaw, enter_bailey_3, uniq_maurice
D:8:      layout_basic, lightli_temple_of_fire, mainiacjoe_overflow_alcove_1,
          ashenzari_altar_1, grunt_livestock
D:9:      layout_loops_ring, hellmonk_ghost_happy_afterlife
D:10:     layout_roguey, fiery_altar_vehumet, grunt_nemelex_the_gamble,
          enter_trove_1, uniq_urug, uniq_lodul
D:11:     layout_loops_corners, lair_entry_dummy, st_stairs_12
D:12:     layout_stronghold, minmay_orc_entry_temple_small,
          gammafunk_ghost_split, serial_ice, serial_ice_c, serial_ice_g,
          serial_ice_f, serial_ice_b, serial_shops,
          nicolae_shop_temple_entry_statues_fountains, eino_jars, uniq_kirke,
          uniq_gastronok
D:13:     layout_rooms, erik_vaults_1, fedhas_bush_and_centaur_altar
D:14:     layout_rooms, serial_shops, kennysheep_mini,
          hangedman_abyss_or_decor_stagger
D:15:     hellmonk_depths_entry_around_the_bend, layout_irregular_city,
          amethyst_killhole, nicolae_shop_fire_sale [nicolae_sub_dead_trees],
          uniq_roxanne
Lair:1:   layout_misc_corridors, nicolae_volcano_entry_vermiform,
          lemuel_old_faithful, uniq_grum
Lair:2:   layout_chaotic_city, minmay_shattered_shrine, grunt_megastairs_4,
          lemuel_fruit_fields
Lair:3:   layout_cave_pods, swamp_mist_pool, spider_nest_entry_webs,
          minmay_hedge_maze
Lair:4:   layout_cellular_growth, slime_entry_1
Lair:5:   cheibrodos_lair_end_hotspot, layout_regular_city, lemuel_fruit_tree,
          infiniplex_staircase_pool
Swamp:1:  layout_basic_swamp, evilmike_swamp_ruin_house_1
Swamp:2:  layout_basic_swamp, evilmike_swamp_ruin_house_4, swamp_pool_5,
          hangedman_swamp_ravenous, infiniplex_staircase_pool_2,
          nicolae_swamp_decorative_isthmus
Swamp:3:  layout_falls_marsh, nicolae_swamp_trees_clearing, swamp_pool_1_2,
          uniq_jorgrun
Swamp:4:  swamp_pestilence, layout_basic_swamp
Spider:1: layout_spider_delve
Spider:2: nicolae_spider_hilbert_zone_6 [nicolae_spider_hilbert_4_sides_1_open,
          nicolae_spider_hilbert_4_sides_1_open,
          nicolae_spider_hilbert_4_sides_1_open,
          nicolae_spider_hilbert_4_sides_1_open,
          nicolae_spider_hilbert_4_sides_1_open,
          nicolae_spider_hilbert_4_sides_1_open,
          nicolae_spider_hilbert_4_sides_1_open], nicolae_spider_webbed_stairs,
          uniq_azrael, uniq_arachne
Spider:3: layout_spider_delve, nicolae_spider_bzzzt
Spider:4: hellmonk_spider_rune_bug_friends
Slime:1:  nicolae_slime_infinislime, layout_caves
Slime:2:  layout_caves, nicolae_slime_crime_time
Slime:3:  layout_caves, nicolae_slime_phagocytosis
Slime:4:  layout_caves
Slime:5:  slime_pit_nicolae_inversion
Orc:1:    layout_caves, serial_shops, nicolae_shop_window_shopping, uniq_erica
Orc:2:    hellmonk_orc_salted, layout_diamond_mine, serial_shops, shop_scrolls
Elf:1:    eino_elf_arrival_customs, layout_loops_corners,
          hangedman_elf_represent
Elf:2:    nicolae_elf_blades_splatter_lattice [mumra_blade_entry_dagger],
          layout_geoelf_grid, serial_shops, nicolae_shop_just_a_little_nook,
          minmay_shop_grove
Elf:3:    minmay_elf_hall_curves, layout_geoelf_grid,
          nicolae_concentric_dashed_squares_mild, uniq_mara, uniq_bai_suzhen,
          uniq_zenata
Vaults:1: nicolae_vaults_heart-shaped_vault, grunt_vaults_funnel,
          vaults_dpeg_emergency_exit, nicolae_vaults_yaktaur_gun_rack,
          v_rooms_2, vaults_mumra_hexcomb, v_alt_pattern_5,
          nicolae_vaults_bisected_slash, vaults_dpeg_encased_lava,
          layout_vaults_omnigrid
Vaults:2: nicolae_vaults_disappearing_quadrants, nicolae_vaults_heist,
          nicolae_vaults_offset_grid_hallway_4, nicolae_vaults_specimen_jars,
          ontoclasm_vaults_ring_small, ontoclasm_vaults_misaligned,
          vaults_room_fours, ontoclasm_vaults_decontamination,
          hangedman_vaults_river_flow, nicolae_vaults_layer_cake_slice,
          layout_vaults_omnibox
Vaults:3: v_misc_23, minmay_crypt_entry_simple_statues, v_misc_18,
          nicolae_vaults_angled_halls, nicolae_vaults_network_star, v_pattern_2,
          nicolae_vaults_whirlpool_walls, nicolae_vaults_storage_closets_1,
          vaults_dpeg_spiral, nicolae_vaults_tetromino_Z_2,
          vaults_room_grunt_arrival_ludios, hangedman_vaults_locks,
          layout_vaults_omnicross, serial_shops, shop
Vaults:4: nicolae_vaults_ninety_degrees, hangedman_vaults_trim, v_misc_3,
          v_misc_29, vaults_mumra_minichess_inversion, v_pattern_3,
          nicolae_vaults_tetromino_Z_1, hangedman_vaults_impose,
          nicolae_vaults_tetromino_T_1, nicolae_vaults_diamond_1,
          layout_vaults_chaotic_city, uniq_donald
Vaults:5
Depths:1: layout_cross, abyss_entry_small_statue_room, hangedman_coc_ice_floe,
          kennysheep_another_room, minmay_misc_feat_encased,
          hangedman_decor_opposing, evilmike_minifort, uniq_boris
Depths:2: minmay_the_grid_triangle_9x9_recursive_3_mashed
          [minmay_the_grid_triangle_9x9_limited_checkers,
          minmay_the_grid_triangle_9x9_longest,
          minmay_the_grid_triangle_9x9_warning,
          minmay_the_grid_triangle_9x9_prize_center,
          minmay_the_grid_triangle_9x9_shrine,
          minmay_the_grid_triangle_9x9_zippers_vertical,
          minmay_the_grid_triangle_9x9_sparse_checkered,
          minmay_the_grid_triangle_9x9_negative_grid,
          minmay_the_grid_triangle_9x9_intruding_spiral], layout_basic,
          enter_ziggurat_e, serial_sigils_hangedman_shear,
          rand_demon_pan_entry_4, hell_entry, minmay_st_funbox,
          minmay_misc_feat_enclosed, minmay_door_square,
          chequers_serial_rivers_room_b
Depths:3: hangedman_cross_cluster, layout_cave_pools, abyss_entry, hell_entry,
          minmay_misc_feat_room, hangedman_blasphemy,
          infiniplex_staircase_door_maze
Depths:4: grunt_zot_entry_gee_three, layout_basic, grunt_metal_band,
          grunt_decor_mini_mirrors, uniq_grunn, uniq_frederick
Zot:1:    layout_gridlike
Zot:2:    layout_misc_corridors, regret_index_zotdec_magical_s
Zot:3:    layout_concentric_octagons
Zot:4:    layout_gridlike, regret_index_zotdec_twisting_globes, uniq_vv
Zot:5:    layout_twisted_circle

Skill      XL: |  1  2  3  4  5  6  7  8  9 10 11 12 13 14 15 16 17 18 19 20 21 22 23 24 25 26 27 |
---------------+----------------------------------------------------------------------------------+-----
Short Blades   | 3 4 8 17 | 17.8
Throwing       | 3 5 |  5.0
Stealth        | 6 9 12 14 16 19 20 | 20.0
Long Blades    | 3 4 5 7 9 11 13 15 18 | 18.8
Invocations    | 3 7 10 12 | 12.0
Dodging        | 8 12 15 19 21 22 | 22.0
Fighting       | 5 6 10 13 18 20 21 22 | 22.0
Evocations     | 3 6 |  6.0
Armour         | 6 9 10 12 15 16 18 | 18.0
Shields        | 4 6 7 12 | 12.0

Action                     |  1- 3 |  4- 6 |  7- 9 | 10-12 | 13-15 | 16-18 | 19-21 | 22-24 | 25-27 || total
---------------------------+-------+-------+-------+-------+-------+-------+-------+-------+-------++-------
  Melee: Dagger            |    78 |    16 |     1 |       |     8 |       |       |       |       ||   103
         Demon blade       |       |   108 |   287 |   675 |   991 |   941 |    41 |   385 |  1894 ||  5322
         Punch             |       |     3 |     3 |    20 |    38 |       |       |       |       ||    64
         Quick blade       |       |       |       |       |   676 |  1446 |  2746 |  2352 |    78 ||  7298
  Throw: Dart              |       |     4 |    15 |    27 |   119 |    45 |       |       |       ||   210
         Throwing net      |       |       |     1 |     3 |     1 |     2 |       |     3 |    18 ||    28
         Boomerang         |       |       |       |     3 |    11 |     8 |    27 |     7 |    22 ||    78
   Cast: Apportation       |       |       |       |       |       |       |       |     1 |       ||     1
 Invoke: Heroism           |       |     2 |     5 |    14 |    16 |    24 |    25 |    13 |    38 ||   137
         Finesse           |       |       |       |     2 |       |     2 |     1 |     4 |    11 ||    20
         Receive Weapon    |       |       |       |       |     1 |       |       |       |       ||     1
         Receive Armour    |       |       |       |       |     1 |       |       |       |       ||     1
         Duel              |       |       |       |       |       |       |     1 |     3 |     3 ||     7
  Evoke: Wand              |       |       |     2 |     7 |    16 |       |     4 |     1 |     3 ||    33
         Condenser vane    |       |       |       |       |       |       |       |     2 |     2 ||     4
    Use: Scroll            |       |     7 |     5 |     9 |    18 |    15 |    13 |     7 |    22 ||    96
         Potion            |       |     1 |     3 |     2 |     7 |     7 |    11 |    17 |    35 ||    83
   Stab: Sleeping          |    19 |     7 |    17 |    21 |    55 |    27 |    99 |    65 |    22 ||   332
         Distracted        |       |     2 |     1 |       |     4 |     8 |     5 |     6 |    20 ||    46
         Held in net/web   |       |       |       |     7 |     2 |     2 |       |     3 |    17 ||    31
         Invisible         |       |       |       |     2 |     7 |     1 |     1 |       |       ||    11
         Paralysed         |       |       |       |       |       |       |     1 |       |     2 ||     3
 Armour: Robe              |    15 |       |       |     4 |    29 |       |       |       |       ||    48
         Leather armour    |       |    60 |    96 |       |    11 |       |       |       |       ||   167
         Troll leather arm |       |       |    16 |   109 |       |       |       |       |       ||   125
         Ring mail         |       |       |       |     4 |       |       |       |       |       ||     4
         Acid dragon scale |       |       |       |    36 |   272 |       |       |       |       ||   308
         Scale mail        |       |       |       |       |   113 |   752 |   709 |   269 |       ||  1843
         Quicksilver drago |       |       |       |       |       |       |       |   223 |   792 ||  1015
  Dodge: Dodged            |    45 |    70 |   220 |   604 |  1210 |  1882 |  1148 |  1147 |  2323 ||  8649
  Block: Other             |       |       |    12 |   122 |   241 |       |       |       |       ||   375
         Reflection        |       |       |       |     2 |     8 |    13 |       |       |       ||    23
         Buckler           |       |       |       |       |    44 |  1330 |   462 |   213 |       ||  2049
         Kite shield       |       |       |       |       |       |       |       |   459 |  1768 ||  2227

Table legend: (Time is in decaauts)
 A = Elapsed time spent in this place.
 B = Non-inter-level travel time spent in this place.
 C = Inter-level travel time spent in this place.
 D = Time resting spent in this place.
 E = Time spent auto-exploring this place.
 F = Levels seen in this place.
 G = Mean time per level.
                   A        B        C        D        E       F      G
               +--------+--------+--------+--------+--------+-----+--------+
         Total |  65449 |  60724 |   4725 |   5168 |  35337 |  68 |  962.5 |
       Dungeon |  16699 |  14889 |   1810 |    131 |  10334 |  15 | 1113.3 |
          Lair |  11161 |  10007 |   1154 |   1994 |   5573 |   5 | 2232.2 |
         Swamp |   3673 |   3488 |    185 |    298 |   1935 |   4 |  918.2 |
   Spider Nest |   6059 |   5952 |    107 |   1505 |   2780 |   4 | 1514.8 |
    Slime Pits |    532 |    532 |      0 |     26 |      0 |   5 |  106.4 |
  Orcish Mines |   2396 |   2072 |    324 |    135 |   1282 |   2 | 1198.0 |
   Elven Halls |   4770 |   4486 |    284 |    169 |   3041 |   3 | 1590.0 |
        Vaults |   9619 |   9245 |    374 |    163 |   6080 |   5 | 1923.8 |
        Depths |   6687 |   6204 |    483 |    468 |   3421 |   4 | 1671.8 |
           Zot |    647 |    647 |      0 |      0 |     29 |   5 |  129.4 |
         Abyss |   2115 |   2115 |      0 |     45 |    751 |   6 |  352.5 |
         Trove |    136 |    136 |      0 |      0 |     73 |   1 |  136.0 |
        Bailey |    370 |    370 |      0 |     21 |     23 |   1 |  370.0 |
       Volcano |    435 |    435 |      0 |    213 |     13 |   1 |  435.0 |
         Arena |    145 |    145 |      0 |      0 |      0 |   7 |   20.7 |
               +--------+--------+--------+--------+--------+-----+--------+

Top non-repeatable levels by time:
  Lair:3: 3320 daAuts
Vaults:5: 2929 daAuts
  Lair:2: 2568 daAuts
  Lair:5: 2444 daAuts
   Elf:3: 2247 daAuts
Spider:3: 2244 daAuts
Depths:2: 1996 daAuts
    D:11: 1934 daAuts
Vaults:4: 1900 daAuts
    D:15: 1894 daAuts
    D:12: 1819 daAuts
   Orc:2: 1772 daAuts
Depths:1: 1721 daAuts
  Lair:4: 1684 daAuts
Vaults:1: 1656 daAuts
